 Dungeon Crawl Stone Soup version 0.29.1-15-g9cfb28693d (webtiles) character file.

Game seed: 10727111927981777482

14 protoss039 the Digger (level 2, 10/21 HPs)
             Began as a Demonspawn Earth Elementalist on Apr 2, 2023.
             Got out of the dungeon alive.
             The game lasted 00:00:22 (450 turns).

protoss039 the Digger (DsEE)                         Turns: 450, Time: 00:00:22

Health: 10/21      AC:  2    Str:  8    XL:     2   Next: 27%
Magic:  5/5        EV: 12    Int: 16    God:
Gold:   0          SH:  0    Dex: 13    Spells: 4/5 levels left

rFire   . . .      SeeInvis .   c - +0 club
rCold   . . .      Faith    .   (no shield)
rNeg    . . .      Spirit   .   a - +0 robe
rPois   .          Reflect  .   (no helmet)
rElec   .          Harm     .   (no cloak)
rCorr   .          Rampage  .   (no gloves)
Will    .....                   (no boots)
Stlth   ++........              (no amulet)
HPRegen 0.07/turn               (no ring)
MPRegen 0.09/turn               (no ring)

@: no status effects
A: demonic guardian 1
a: no special abilities


You escaped.
You visited 1 branch of the dungeon, and saw 1 of its levels.

Inventory:

Hand Weapons
 c - a +0 club (weapon)
Armour
 a - a +0 robe (worn)


   Skills:
 + Level 1.0 Fighting
 - Level 1.7 Dodging
 - Level 1.7 Stealth
 + Level 2.3 Spellcasting
 - Level 0.8 Transmutations
 + Level 2.9 Earth Magic


You had 4 spell levels left.
You knew the following spells:

 Your Spells              Type           Power      Damage    Failure   Level
a - Sandblast             Erth           22%        2d7       6%          1

Your spell library contained the following spells:

 Spells                   Type           Power      Damage    Failure   Level
 Passwall                 Tmut/Erth      5%         N/A       14%         2
 Stone Arrow              Conj/Erth      12%        3d7       32%         3
 Petrify                  Tmut/Erth      7%         N/A       67%         4


Dungeon Overview and Level Annotations

Branches:
Dungeon (1/15) Zot: 5541

Altars:


Innate Abilities, Weirdness & Mutations

A weak demonic guardian rushes to your aid.


Message History

The giant cockroach waves its antennae.
You are too injured to fight recklessly!
You are too injured to fight recklessly!
You are too injured to fight recklessly!
You are too injured to fight recklessly!
You are too injured to fight recklessly!
You barely miss the hobgoblin.
Your quasit bites the hobgoblin.
Your quasit barely misses the hobgoblin. x2
The hobgoblin barely misses you.
The giant cockroach closely misses your quasit.
Your quasit bites the hobgoblin.
Your quasit claws the hobgoblin but does no damage.
Your quasit closely misses the hobgoblin.
You closely miss the hobgoblin.
The hobgoblin is moderately wounded.
Your quasit barely misses the hobgoblin.
Your quasit claws the hobgoblin. x2; The hobgoblin hits you.
The kobold hits your quasit with a +0 short sword.
Your quasit bites the hobgoblin.
The hobgoblin dies!
The kobold throws a stone.
The stone hits your quasit. The giant cockroach barely misses you.
Your quasit bites the kobold.
Your quasit claws the kobold.
The kobold dies!
The giant cockroach misses you.
Unknown command.
The giant cockroach bites you but does no damage.
You hit the giant cockroach.
The giant cockroach is heavily wounded.
Your quasit bites the giant cockroach.
Your quasit claws the giant cockroach but does no damage.
Your quasit claws the giant cockroach.
The giant cockroach dies!
Your Fighting skill increases to level 1!
Unknown command.
There is an open door here.
Your quasit disappears in a puff of smoke!
There is a staircase leading out of the dungeon here.
Are you sure you want to leave the Dungeon?
This will make you lose the game!
You have escaped!

......#
......#
......+
......#
......#
###########
....#
#.........#
....#
#.8..@..8.#
.>..#
#.........#
..###
####...####
#.# #...#
#.#
####...####
#.#
#.........#
#.#
#.......^.#
#.#
#.........#
#'######
####...####


There were no monsters in sight!

Vanquished Creatures
  An endoplasm (D:1)
  2 giant cockroaches (D:1)
  2 goblins (D:1)
  A hobgoblin (D:1)
  A frilled lizard (D:1)
  2 kobolds (D:1)
9 creatures vanquished.

Vanquished Creatures (collateral kills)
  A giant cockroach (D:1)
  A hobgoblin (D:1)
  A kobold (D:1)
3 creatures vanquished.

Grand Total: 12 creatures vanquished

Notes
Turn   | Place    | Note
-------+----------+-------------------------------------------
     0 | D:1      | protoss039 the Demonspawn Earth Elementalist began the
                  | quest for the Orb.
     0 | D:1      | Reached XP level 1. HP: 13/13 MP: 3/3
   390 | D:1      | Gained mutation: A weak demonic guardian rushes to your
                  | aid. [demonic ancestry]
   390 | D:1      | Reached XP level 2. HP: 18/20 MP: 1/5
   406 | D:1      | Reached skill level 1 in Fighting
   450 | D:$      | Got out of the dungeon alive.

Illustrated notes

Levels and vault maps discovered:
D:1:      minmay_arrival_hallway, layout_basic, basic_ecumenical_altar,
          minmay_fountain_box

Skill      XL: |  1  2 |
---------------+-------+-----
Fighting       | 1 |  1.0
Dodging        | |  1.7
Stealth        | |  1.7
Spellcasting   | |  2.3
Transmutations | |  0.8
Earth Magic    | |  2.9

Action                   || total
-------------------------++-------
Melee: Club              ||    13
 Cast: Sandblast         ||    10
  Use: Potion            ||     1
Armor: Robe              ||     5
Dodge: Dodged            ||    11
